 Dungeon Crawl Stone Soup version 0.19.5 (webtiles) character file.

1174 greprep the Covered (level 8, -4/67 HPs)
             Began as a Minotaur Fighter on May 25, 2017.
             Was an Initiate of Qazlal.
             Slain by an orc warrior
             ... wielding a +0 flail
              (9 damage)
             ... on level 7 of the Dungeon.
             The game lasted 00:14:23 (4577 turns).

greprep the Covered (Minotaur Fighter)              Turns: 4577, Time: 00:14:24

Health: -4/67      AC: 11    Str: 25      XL:     8   Next: 18%
Magic:  7/7        EV: 10    Int:  5      God:    Qazlal [......]
Gold:   279        SH:  7    Dex: 11 (13) Spells: 0 memorised, 7 levels left

rFire  + . .     SeeInvis .     x - +7 dagger of Arbitration {flame, rF+ rN++ Str+3}
rCold  . . .     Gourm    .     r - +0 chain mail {rPois}
rNeg   + + .     Faith    .     t - +2 buckler
rPois  +         Spirit   .     (helmet restricted)
rElec  .         Reflect  .     c - +0 cloak
rCorr  .         Harm     .     (no gloves)
MR     .....                    (no boots)
Stlth  ..........               (no amulet)
                                (no ring)
                                q - +2 ring of dexterity

@: slowed, very slow
A: retaliatory headbutt, horns 2
a: Renounce Religion


You were on level 7 of the Dungeon.
You worshipped Qazlal.
Qazlal was noncommittal.
You were not hungry.

You visited 2 branches of the dungeon, and saw 8 of its levels.

You collected 279 gold pieces.

Inventory:

Hand Weapons
 x - the +7 dagger of Arbitration (weapon) {flame, rF+ rN++ Str+3}
   (You found it on level 4 of the Dungeon)

   It has been specially enchanted to burn those struck by it, causing extra
   injury to most foes and up to half again as much damage against particularly
   susceptible opponents.
   It affects your strength (+3).
   It protects you from fire.
   It greatly protects you from negative energy.
Armour
 c - a +0 cloak (worn)
 r - a +0 chain mail of poison resistance (worn)
 t - a +2 buckler (worn)
Jewellery
 q - a +2 ring of dexterity (left hand)
 y - an uncursed ring of see invisible {unknown}
Wands
 b - a wand of lightning (9/15)
 A - a wand of flame (3/48)
 B - a wand of polymorph (10/24)
Scrolls
 a - a scroll of recharging {unknown}
 g - 5 scrolls of remove curse
 h - 2 scrolls of teleportation {unknown}
 j - 3 scrolls of identify {unknown}
 l - a scroll of magic mapping {unknown}
 o - a scroll of immolation {unknown}
 s - 2 scrolls of random uselessness {unknown}
 v - a scroll of enchant weapon {unknown}
Potions
 d - 3 potions of might
 e - a potion of magic {unknown}
 i - 3 potions of degeneration {unknown}
 k - 3 potions of ambrosia {unknown}
 m - 3 potions of heal wounds {unknown}
 n - a potion of cure mutation {unknown}
 p - a potion of lignification {unknown}
 u - a potion of flight {unknown}
 w - 2 potions of curing {unknown}
 z - a potion of brilliance {unknown}
Comestibles
 f - 4 bread rations
 C - a beef jerky


   Skills:
 + Level 4.7 Fighting
 * Level 6.0 Short Blades
   Level 2.4 Axes
 * Level 7.2 Armour
 * Level 3.5 Dodging
 + Level 0.5 Stealth
 + Level 5.9 Shields


You had 7 spell levels left.
You didn't know any spells.

Dungeon Overview and Level Annotations

Branches:
Dungeon (7/15)             Temple (1/1) D:5

Altars:
Ashenzari
Cheibriados
Fedhas
Gozag
Hepliaklqana
Kikubaaqudgha
Makhleb
Nemelex Xobeh
Okawaru
Qazlal
Ru
Sif Muna
Trog
Uskayaw
Vehumet
Xom
Yredelemnul
Zin
The Shining One


Innate Abilities, Weirdness & Mutations

You reflexively headbutt those who attack you in melee.
You have a pair of horns on your head.


Message History

The orc wizard seems to speed up.
The quasit closely misses you. The quasit barely misses you.
The quasit claws you but does no damage.
Found a bread ration.
The orc wizard gestures wildly while chanting.
The orc wizard blinks!
The bullfrog skeleton barely misses you.
The quasit bites you but does no damage.
The quasit claws you but does no damage.
You block the quasit's attack.
The quokka skeleton bites you but does no damage.
The quasit bites you.
* * * LOW HITPOINT WARNING * * *
You feel clumsy. The quasit claws you.
* * * LOW HITPOINT WARNING * * *
You feel clumsy.
The quasit claws you but does no damage.
The orc warrior hits you with a flail!
You die...

..#.......##
#.........##
##..........##
##............##
#...)(.........##
#.........(.....#
#?...............##
#.........o.5Z....##
#..........oZ@.....#
#........ยง...o......#
#......o...........##
?..................#
............###
.......%.### .....####
.####


You could see an orc warrior, an orc wizard, a quasit, 2 orcs, a quokka skeleton
and a bullfrog skeleton.

Vanquished Creatures
  Eustachio (D:5)
  Menkaure (D:5)
  Purgy (D:3)
  An ogre (D:5)
  A scorpion (D:6)
  3 crimson imps
  2 hounds
  A bullfrog skeleton (D:5)
  2 orc priests
  Ijyb (D:2)
  An iguana (D:4)
  3 worker ants
  6 orc wizards
  A hound skeleton (D:5)
  3 adders
  2 adder skeletons (D:5)
  2 worms (D:3)
  2 dart slugs
  3 leopard geckos
  22 orcs
  3 ball pythons
  5 bats
  3 giant cockroaches
  6 goblins
  5 hobgoblins
  6 jackals
  8 kobolds
  2 quokkas
  6 frilled lizards
  A leopard gecko skeleton (D:3)
  7 rats
111 creatures vanquished.

Notes
Turn   | Place    | Note
-------+----------+-------------------------------------------
     0 | D:1      | greprep the Minotaur Fighter began the quest for the Orb.
     0 | D:1      | Reached XP level 1. HP: 19/19 MP: 0/0
    57 | D:1      | Reached skill level 4 in Armour
    99 | D:1      | Reached XP level 2. HP: 27/27 MP: 1/1
   505 | D:2      | Reached XP level 3. HP: 33/33 MP: 2/2
   809 | D:2      | Noticed Ijyb
   819 | D:2      | Killed Ijyb
   819 | D:2      | Reached skill level 1 in Short Blades
   820 | D:2      | Found an opulent altar of Gozag.
  1184 | D:3      | Noticed Purgy
  1199 | D:3      | Killed Purgy
  1199 | D:3      | Reached skill level 1 in Dodging
  1199 | D:3      | Reached XP level 4. HP: 28/40 MP: 3/3
  1199 | D:3      | Reached XP level 5. HP: 33/46 MP: 4/4
  1592 | D:3      | Reached skill level 5 in Shields
  1610 | D:3      | Reached skill level 5 in Armour
  1675 | D:3      | Reached XP level 6. HP: 28/52 MP: 5/5
  2030 | D:3      | Noticed a moth of wrath
  2033 | D:3      | Found a bloodstained altar of Trog.
  2768 | D:4      | Got a steaming dagger
  2769 | D:4      | Identified the +7 dagger of Arbitration {flame, rF+ rN++ Str+3} (You found it on level 4 of the Dungeon)
  3249 | D:5      | Entered Level 5 of the Dungeon
  3258 | D:5      | Reached XP level 7. HP: 60/60 MP: 6/6
  3317 | D:5      | Reached skill level 5 in Short Blades
  3623 | D:5      | Noticed Eustachio
  3648 | D:5      | Killed Eustachio
  3648 | D:5      | Reached skill level 6 in Armour
  3726 | D:5      | Noticed Menkaure
  3731 | D:5      | Killed Menkaure
  3858 | D:5      | Found a radiant altar of Vehumet.
  3859 | D:5      | Found a glowing golden altar of the Shining One.
  3861 | D:5      | Found a sparkling altar of Nemelex Xobeh.
  3918 | D:5      | Reached XP level 8. HP: 52/67 MP: 7/7
  4045 | D:5      | Found a staircase to the Ecumenical Temple.
  4058 | Temple   | Entered the Ecumenical Temple
  4074 | Temple   | Became a worshipper of Qazlal Stormbringer
  4410 | D:5      | Reached skill level 7 in Armour
  4426 | D:6      | Found an iron altar of Okawaru.
  4454 | D:6      | Found a basalt altar of Yredelemnul.
  4559 | D:6      | Found a shattered altar of Ashenzari.
  4577 | D:7      | Slain by an orc warrior

Skill      XL: |  1  2  3  4  5  6  7  8 |
---------------+-------------------------+-----
Armour         | 4 5 6 7 |  7.2
Shields        | 4 5 |  5.9
Short Blades   | 2 3 4 5 6 |  6.0
Fighting       | 4 |  4.7
Dodging        | 1 2 3 |  3.5
Axes           | |  2.4
Stealth        | |  0.5

Action                   |  1- 3 |  4- 6 |  7- 9 || total
-------------------------+-------+-------+-------++-------
Melee: Dagger            |    87 |   162 |    77 ||   326
       War axe           |     7 |       |       ||     7
       Headbutt          |    17 |    30 |    16 ||    63
       Short sword       |       |    24 |       ||    24
  Use: Scroll            |       |     1 |       ||     1
  Eat: Bread ration      |       |     2 |       ||     2
       Meat ration       |       |       |     1 ||     1
Armor: Scale mail        |    30 |     1 |       ||    31
       Troll leather arm |       |     9 |       ||     9
       Chain mail        |       |    29 |    48 ||    77
Dodge: Dodged            |    28 |    28 |    30 ||    86
Block: Shield            |    41 |    60 |       ||   101
       Buckler           |       |     7 |    30 ||    37
